 Dungeon Crawl Stone Soup version 0.24-a0-408-gcc1054c (webtiles) character file.

Game seed: 4545657068005785957

15344 Darkshadow the Basher (level 12, -2/177 HPs)
             Began as a Minotaur Berserker on June 5, 2019.
             Was a Priest of Trog.
             Killed from afar by an ice statue (10 damage)
             ... with a bolt of cold
             ... in an ice cave.
             The game lasted 00:22:03 (12066 turns).

Darkshadow the Basher (Minotaur Berserker)         Turns: 12066, Time: 00:22:03

Health: -2/177     AC: 17    Str: 30    XL:     12   Next: 0%
Magic:  11/11      EV:  9    Int:  4    God:    Trog [***...]
Gold:   554        SH:  0    Dex: 12    Spells: 11/11 levels left

rFire    . . .     SeeInvis .   a - +1 mace
rCold    . . .     Gourm    .   (no shield)
rNeg     . . .     Faith    .   g - +1 plate armour
rPois    .         Spirit   .   (helmet restricted)
rElec    .         Reflect  .   (no cloak)
rCorr    .         Harm     .   D - +0 pair of gloves
MR       ++...     Rnd*Tele +   (no boots)
Stlth    ..........             F - amulet of rage
HPRegen  1.39/turn              i - ring of teleportation (curse)
MPRegen  0.12/turn              x - ring of attention (curse)

@: berserking, regenerating, very quick
A: retaliatory headbutt, horns 2
a: Berserk, Trog's Hand, Renounce Religion, Evoke Berserk Rage


You were in an ice cave.
You worshipped Trog.
Trog was most pleased with you.
You were near starving.

You visited 2 branches of the dungeon, and saw 13 of its levels.
You also visited: Ossuary and Ice Cave.

You collected 689 gold pieces.
You spent 135 gold pieces at shops.

Inventory:

Hand Weapons
 a - a +1 mace (weapon)
Missiles
 K - 111 sling bullets
 O - 3 silver javelins (quivered)
 R - 4 poisoned darts
Armour
 b - a +0 animal skin
 g - a +1 plate armour (worn)
 D - a +0 pair of gloves (worn)
Jewellery
 i - a cursed ring of teleportation (left hand)
 x - a cursed ring of attention (right hand)
 F - an amulet of rage (around neck)
 J - a cursed -2 ring of slaying {unknown}
 T - a +5 ring of strength {unknown}
Wands
 t - a wand of flame (38)
 z - a wand of iceblast (35)
 I - a wand of digging (8)
 P - a wand of enslavement (1)
 Q - a wand of acid (8)
 U - a wand of disintegration (8)
Scrolls
 d - 11 scrolls of identify {@r1}
 h - 6 scrolls of teleportation
 l - 4 scrolls of noise
 o - 2 scrolls of blinking
 q - a scroll of amnesia
 v - 7 scrolls of random uselessness
 w - a scroll of fear {unknown}
 y - 2 scrolls of immolation {unknown}
 A - 2 scrolls of enchant weapon
 B - 2 scrolls of enchant armour
 C - a scroll of magic mapping {unknown}
 G - a scroll of holy word {unknown}
 L - a scroll of fog {unknown}
 S - a scroll of remove curse {@r2}
Potions
 e - 7 potions of curing {unknown}
 f - 6 potions of heal wounds
 j - 2 potions of brilliance {unknown}
 k - 3 potions of invisibility {unknown}
 m - 5 potions of agility {unknown}
 n - 2 potions of might
 p - 7 potions of mutation {unknown}
 r - 2 potions of magic {unknown}
 s - 4 potions of degeneration {unknown}
 u - 2 potions of berserk rage
 E - 2 potions of lignification {unknown}
 H - 2 potions of haste {unknown}
 M - 2 potions of flight {unknown}
 N - 2 potions of resistance {unknown}
Comestibles
 c - 24 rations
 V - 5 chunks of flesh


   Skills:
 * Level 14.5 Fighting
 * Level 14.5 Maces & Flails
 + Level 10.7 Armour
 - Level 2.7 Dodging


You had 11 spell levels left.
You didn't know any spells.
Your spell library was empty.

Dungeon Overview and Level Annotations

Branches:
Dungeon (12/15)            Temple (0/1) D:4            Lair (1/6) D:9
    Orc: D:9-12

Altars:
Cheibriados
Dithmenos
Elyvilon
Fedhas
Gozag
Hepliaklqana
Nemelex Xobeh
Qazlal
Ru
Sif Muna
Trog
Uskayaw
Wu Jian
Xom
Yredelemnul
The Shining One

Shops:
D:3 *   D:4 *

Annotations:
D:3 exclusion: door
D:11 exclusion: obsidian statue
Lair:1 exclusion: oklob plant IceCv 1 transporter, exclusion: ice statue


Innate Abilities, Weirdness & Mutations

You reflexively headbutt those who attack you in melee.
You have a pair of horns on your head.


Message History

The ice statue is severely damaged.
You hit the ice statue but do no damage.
The ice statue is severely damaged.
The ice beast hits you but does no damage.
The white ugly thing trunk-slaps you but does no damage.
The ice beast closely misses you.
You sock the ice statue!
The ice statue is almost destroyed.
You sock the ice statue!
You destroy the ice statue!
Trog accepts your kill.
The ice beast disappears in a puff of smoke! x3
You have reached level 12!
Your experience leads to an increase in your attributes!
Your base attributes are Str 23, Int 4, Dex 12.
Increase (S)trength, (I)ntelligence, or (D)exterity?
You feel stronger. x2
The ice statue gestures at you. The bolt of cold hits you!
You die...

##..........#
##...........#
#.......8..8.#
#.........!.(#
#.∩.©....$.:©#
#......§..$.$#
#......u...8.#
#.....§@§...#
##..........#
##........##
####...###
#####


You could see an ice statue and a white ugly thing.

Vanquished Creatures
  Gastronok (D:9)
  Erolcha (D:8)
  3 death yaks (D:9)
  Urug (D:11)
  2 ugly things
  Maurice (D:9)
  An ice statue (IceCv)
  Joseph (D:7)
  4 blink frogs (Lair:1)
  Sigmund (D:4)
  A shadow (D:8)
  A human (D:7)
  A wyvern (D:10)
  13 yaks
  A basilisk (Lair:1)
  4 hogs (D:7)
  A steam dragon (D:9)
  3 water moccasins
  4 orc warriors
  An ice beast (D:9)
  A necrophage (D:11)
  4 phantoms
  2 sky beasts (D:10)
  4 centaurs
  2 ogres
  An eye of draining (D:9)
  2 crocodiles (Lair:1)
  A big kobold (D:10)
  Blork the orc (D:5)
  8 bullfrogs
  3 scorpions
  3 howler monkeys
  9 crimson imps
  A bullfrog zombie (D:6)
  A centaur zombie (D:11)
  7 hounds
  A quasit (D:6)
  A centaur skeleton (D:6)
  3 orc priests
  A jelly (D:5)
  13 orc wizards
  2 bullfrog skeletons
  2 iguanas
  Ijyb (D:3)
  5 worker ants
  A big kobold zombie (Ossuary)
  A hound zombie (D:7)
  A hound skeleton (D:6)
  4 mummies (Ossuary)
  14 adders
  5 gnolls
  A howler monkey skeleton (D:9)
  3 shadow imps
  An ooze (D:6)
  A dart slug (D:3)
  A worm (D:2)
  8 leopard geckos
  35 orcs
  15 giant cockroaches
  2 gnoll zombies (Ossuary)
  9 goblins
  10 hobgoblins
  12 jackals
  4 quokkas
  A ball python (D:3)
  8 bats
  2 frilled lizards
  3 hobgoblin zombies (Ossuary)
  13 kobolds
  A kobold zombie (Ossuary)
  An orc zombie (Ossuary)
  9 rats
291 creatures vanquished.

Vanquished Creatures (collateral kills)
  5 yaks
  An orc warrior (D:6)
  2 orc priests (D:6)
  A hound (D:10)
  2 orc wizards (D:6)
  A shadow imp (D:10)
  An orc (D:10)
13 creatures vanquished.

Grand Total: 304 creatures vanquished

Notes
Turn   | Place    | Note
-------+----------+-------------------------------------------
     0 | D:1      | Darkshadow the Minotaur Berserker began the quest for the
                  | Orb.
     0 | D:1      | Reached XP level 1. HP: 19/19 MP: 0/0
    99 | D:1      | Reached XP level 2. HP: 21/27 MP: 1/1
   499 | D:1      | Reached XP level 3. HP: 33/33 MP: 2/2
   551 | D:1      | Reached ** piety under Trog
  1042 | D:2      | Reached XP level 4. HP: 40/41 MP: 3/3
  1105 | D:2      | Found a bloodstained altar of Trog.
  1362 | D:2      | Found a stormy altar of Qazlal.
  1551 | D:2      | Reached skill level 5 in Maces & Flails
  1852 | D:3      | Reached skill level 5 in Fighting
  1852 | D:3      | Reached XP level 5. HP: 48/48 MP: 4/4
  1963 | D:3      | Found a snail-covered altar of Cheibriados.
  2116 | D:3      | Noticed Ijyb
  2127 | D:3      | Killed Ijyb
  2232 | D:3      | Found an ornate altar of the Wu Jian Council.
  2309 | D:3      | Found Gozag's Platinum Reserve.
  2309 | D:3      | Found an opulent altar of Gozag.
  2402 | D:3      | Reached *** piety under Trog
  2498 | D:3      | Found a deep blue altar of Sif Muna.
  2531 | D:3      | Reached XP level 6. HP: 40/57 MP: 5/5
  3224 | D:4      | Noticed Sigmund
  3227 | D:4      | Found a staircase to the Ecumenical Temple.
  3233 | D:4      | Killed Sigmund
  3233 | D:4      | Reached XP level 7. HP: 64/64 MP: 6/6
  3345 | D:4      | Reached skill level 5 in Armour
  3708 | D:4      | Found Xid Bafi's Assorted Antiques.
  3721 | D:4      | Bought a scroll labeled QAFEAM ZUIPAI for 27 gold pieces
  3721 | D:4      | Bought 2 scrolls labeled KUWKICIUTHRETSEN for 54 gold
                  | pieces
  3721 | D:4      | Bought a scroll labeled WUXUIP NOOSS for 27 gold pieces
  3721 | D:4      | Bought a scroll labeled QAFEAM ZUIPAI for 27 gold pieces
  3837 | D:5      | Entered Level 5 of the Dungeon
  3842 | D:5      | Found a white marble altar of Elyvilon.
  4137 | D:5      | Found a sacrificial altar of Ru.
  4144 | D:5      | Found a sparkling altar of Nemelex Xobeh.
  4152 | D:5      | Reached XP level 8. HP: 74/74 MP: 7/7
  4227 | D:5      | Reached **** piety under Trog
  4480 | D:5      | Noticed Blork the orc
  4488 | D:5      | Killed Blork the orc
  5230 | D:6      | Reached XP level 9. HP: 48/84 MP: 8/8
  5418 | D:6      | Found a hide-covered altar of Uskayaw.
  5811 | D:6      | Found a blossoming altar of Fedhas.
  5902 | D:7      | Found a basalt altar of Yredelemnul.
  5930 | D:7      | Noticed Joseph
  5999 | D:7      | Killed Joseph
  5999 | D:7      | Reached skill level 10 in Fighting
  5999 | D:7      | Reached skill level 10 in Maces & Flails
  7044 | D:8      | Found a sand-covered staircase.
  7049 | Ossuary  | Entered an ossuary
  7147 | Ossuary  | Reached XP level 10. HP: 95/96 MP: 9/9
  7399 | D:8      | Received a gift from Trog
  7523 | D:8      | Found a shadowy altar of Dithmenos.
  7736 | D:9      | Found a staircase to the Lair.
  7736 | D:9      | Noticed a death yak
  7736 | D:9      | Noticed a death yak
  7736 | D:9      | Noticed a death yak
  7746 | D:9      | Killed a death yak
  7759 | D:9      | Killed a death yak
  7764 | D:9      | Killed a death yak
  7775 | D:9      | Received a gift from Trog
  8048 | D:9      | Noticed Erolcha
  8081 | D:8      | Killed Erolcha
  8339 | D:9      | Noticed Gastronok
  8354 | D:9      | Killed Gastronok
  8354 | D:9      | Reached XP level 11. HP: 107/107 MP: 10/10
  8450 | D:9      | Noticed Maurice
  8491 | D:9      | Killed Maurice
  8508 | D:9      | Noticed a red ugly thing
  8529 | D:9      | Killed a red ugly thing
  9029 | D:9      | Found a hazy altar of Hepliaklqana.
  9123 | D:9      | Found a glowing golden altar of the Shining One.
  9181 | D:10     | Entered Level 10 of the Dungeon
  9239 | D:10     | Found a shimmering altar of Xom.
  9461 | D:10     | Reached skill level 10 in Armour
 10135 | D:11     | Noticed an obsidian statue
 10135 | D:11     | Noticed a purple ugly thing
 10221 | D:11     | Killed a purple ugly thing
 10383 | D:11     | Noticed Urug
 10402 | D:11     | Killed Urug
 11268 | D:11     | Noticed a sixfirhy
 11567 | Lair:1   | Entered Level 1 of the Lair of Beasts
 11781 | Lair:1   | Noticed an oklob plant
 12001 | Lair:1   | HP: 4/111 [blink frog (6)]
 12036 | Lair:1   | Found a frozen archway.
 12050 | IceCv    | Entered an ice cave
 12050 | IceCv    | Noticed a white ugly thing
 12054 | IceCv    | Found a transporter.
 12054 | IceCv    | Noticed a white ugly thing
 12061 | IceCv    | HP: 2/111 [white ugly thing (21)]
 12066 | IceCv    | Reached XP level 12. HP: 7/118 MP: 11/11
 12066 | IceCv    | Killed from afar by an ice statue

Levels and vault maps discovered:
D:1:      psy_arrival_statuary, layout_loops_ring, solitary_fountain
D:2:      layout_loops_cross, lemuel_round_altar, lightli_temple_of_fire
D:3:      minmay_roachtagon, layout_basic, kennysheep_slug_shrine,
          lemuel_doored_altar, nicolae_gozag_zags_fifth_avenue, led_sif_book,
          first_ration, uniq_ijyb
D:4:      layout_basic, minmay_temple_entry_tees, serial_shops, shop,
          uniq_sigmund
D:5:      layout_gridville, nemelex_xobeh_ov_fountains_minmay,
          lemuel_round_altar, elyvilon_altar_4, cheibrodos_gnoll_hut,
          uniq_blork_the_orc
D:6:      layout_loops_ring, basic_altar, fedhas_altar_4
D:7:      layout_loops_ring, yredelemnul_altar_generic, corexii_checkpoint_b,
          grunt_livestock, kennysheep_generic_room_14, uniq_joseph
D:8:      layout_rooms, grunt_dithmenos_shadows,
          lightli_ossuary_entry_decrepit_ruins
D:9:      layout_rooms, lemuel_coloured_pillars_altar, kennysheep_mini,
          dpeg_lair_monsters, hangedman_corner_corridor, uniq_maurice,
          uniq_gastronok, uniq_erolcha
D:10:     layout_cave_pools, serial_column_ruins, column_ruins_courtyard_long,
          column_ruins_square_large, column_ruins_corridor_straight,
          column_ruins_open_small, column_ruins_corridor_corner,
          column_ruins_open_tiny, column_ruins_grid_1, column_ruins_open_medium,
          column_ruins_grid_1, basic_altar
D:11:     layout_long_grid, minmay_protected_statue, uniq_urug
D:12:     minmay_klotski, layout_loops_cross, uniq_kirke, uniq_nessos
Lair:1:   layout_gridlike, portal_ice_cave_entry_pillars_2,
          small_statue_intersection, grunt_megastairs_3, serial_bayou_shore_a,
          minmay_lair_oklob_chamber
IceCv:    ice_cave_statue_garden_transporter

Skill      XL: |  1  2  3  4  5  6  7  8  9 10 11 |
---------------+----------------------------------+-----
Maces & Flails | 4 5 6 7 9 11 13 14 | 14.5
Fighting       | 4 5 6 7 9 11 13 14 | 14.5
Armour         | 3 4 5 6 8 9 10 | 10.7
Dodging        | |  2.7

Action                   |  1- 3 |  4- 6 |  7- 9 | 10-12 || total
-------------------------+-------+-------+-------+-------++-------
Melee: Mace              |    64 |   163 |   358 |   407 ||   992
       Headbutt          |     6 |    26 |    95 |   114 ||   241
       Unarmed           |       |       |       |     5 ||     5
Invok: Berserk           |     1 |     4 |     4 |     8 ||    17
       Trog's Hand       |       |     3 |     2 |     5 ||    10
       Brothers in Arms  |       |       |     1 |     5 ||     6
  Use: Scroll            |       |     3 |     5 |     1 ||     9
  Eat: Chunk             |     1 |    11 |    16 |    17 ||    45
       Ration            |       |       |     1 |     2 ||     3
Armor: Animal skin       |     2 |       |       |       ||     2
       Plate armour      |    31 |   130 |   227 |   298 ||   686
Dodge: Dodged            |    35 |    72 |   131 |   215 ||   453

Table legend:
 A = Non-vault XP
 B = Vault XP
 C = Vault XP percentage of total XP
 D = Non-vault monster count
 E = Vault monster count
 F = Vault count percentage of total count
                 A         B        C        D         E       F
            +---------+---------+-------+---------+---------+-------
      Total |   12283 |    9638 |  44.0 |     254 |      50 |  16.4
            +---------+---------+-------+---------+---------+-------
        D:1 |      54 |       0 |   0.0 |      29 |       0 |   0.0
        D:2 |     135 |       0 |   0.0 |      26 |       0 |   0.0
        D:3 |     124 |      99 |  44.4 |      25 |      13 |  34.2
        D:4 |     682 |     223 |  24.6 |      20 |       1 |   4.8
        D:5 |     448 |     195 |  30.3 |      21 |       4 |  16.0
        D:6 |    1310 |       0 |   0.0 |      31 |       0 |   0.0
        D:7 |     114 |    1432 |  92.6 |       4 |       8 |  66.7
        D:8 |    1221 |    1068 |  46.7 |      21 |       2 |   8.7
        D:9 |    1710 |    5209 |  75.3 |      17 |       8 |  32.0
       D:10 |    1817 |       0 |   0.0 |      33 |       0 |   0.0
       D:11 |    1948 |     847 |  30.3 |      13 |       1 |   7.1
     Lair:1 |    2720 |       0 |   0.0 |      14 |       0 |   0.0
    Ossuary |       0 |     108 | 100.0 |       0 |      12 | 100.0
      IceCv |       0 |     457 | 100.0 |       0 |       1 | 100.0
            +---------+---------+-------+---------+---------+-------
